 Dungeon Crawl Stone Soup version 0.30-a0-639-g3916f1956a (webtiles) character file.

Game seed: 14134170363658406781

2 tio the Shooter (level 1, -2/12 (13) HPs)
             Began as a Human Wanderer on Jan 16, 2023.
             Slain by an endoplasm (3 damage)
             ... on level 1 of the Dungeon.
             The game lasted 00:00:33 (34 turns).

tio the Shooter (Human Wanderer)                      Turns: 34, Time: 00:00:34

HP:   -2/12 (13)    AC:  4    Str: 11    XL:     1   Next: 44%
MP:   1/2           EV: 12    Int: 10    God:
Gold: 8             SH:  0    Dex: 15    Spells: 1/2 levels left

rFire   . . .      SeeInvis .    a - +2 sling
rCold   . . .      Faith    .    (no shield)
rNeg    . . .      Spirit   .    d - +0 leather armour
rPois   .          Reflect  .    (no helmet)
rElec   .          Harm     .    b - +0 cloak
rCorr   .          Rampage  .    (no gloves)
Will    .....                    (no boots)
Stlth   +                        (no amulet)
HPRegen 0.22/turn                (no ring)
MPRegen 0.08/turn                (no ring)

@: drained
A: no striking features
a: no special abilities


You were on level 1 of the Dungeon.
You visited 1 branch of the dungeon, and saw 1 of its levels.

You collected 8 gold pieces.

Inventory:

Hand Weapons
 a - a +2 sling (weapon)
Armour
 b - a +0 cloak (worn)
 d - a +0 leather armour (worn)
Potions
 c - a potion of curing


   Skills:
 + Level 4.1 Ranged Weapons
 + Level 3.0 Dodging
 + Level 1.0 Spellcasting
 + Level 2.0 Necromancy


You had one spell level left.
You knew the following spells:

 Your Spells              Type           Power      Damage    Failure   Level
a - Kiss of Death         Conj/Necr      8%         2d6       30%         1

Your spell library contained the following spells:

 Spells                   Type           Power      Damage    Failure   Level
 Vampiric Draining        Necr           4%         2d6       52%         3


Dungeon Overview and Level Annotations

Branches:
Dungeon (1/15)

Altars:


Message History

A jackal comes into view.
A jackal is nearby!
The jackal barks!
You hear a bark!
You hear a shout!
A jackal comes into view.
Found 14 gold pieces.
The jackal barks!
The jackal moves out of view.
The negative energy hits the jackal!
The jackal is drained!
You kill the jackal!
You feel drained.
An endoplasm comes into view.
Okay, then.
A kobold comes into view. It is wielding a +0 short sword.
The kobold shouts!
The jackal closely misses you.
A frilled lizard comes into view.
You shoot a sling bullet. The frilled lizard hisses angrily.
The sling bullet hits the jackal.
You kill the jackal!
The endoplasm hits you but does no damage.
You see here a jackal corpse.
You shoot a sling bullet.
The sling bullet barely misses the endoplasm.
The sling bullet barely misses the frilled lizard.
The endoplasm freezes you.
You are frozen.
You shoot a sling bullet. The sling bullet hits the endoplasm.
The endoplasm is moderately wounded.
The endoplasm freezes you.
You are frozen.
The kobold hits you with a +0 short sword.
You shoot a sling bullet. The sling bullet hits the endoplasm.
The endoplasm is heavily wounded.
The kobold hits you but does no damage. The endoplasm barely misses you.
The kobold attacks as you move away!
The kobold hits you with a +0 short sword.
* * * LOW HITPOINT WARNING * * *
The frilled lizard misses you. The endoplasm hits you.
You die...

######## #......#
#####......+ #
####..........####.#
#####...........#......#
....#.##........#......#
.##.#.##........#......#
.##.............KJ......
.##.#.#########.@l......
.##.#.# #.........
..#.#.# #.........
#.#.#.# #.#.......
.#.#.# .$#......# #.#.#
........... ..#.+
........#.# ...# ....#.#


You could see an endoplasm, a kobold and a frilled lizard.

Vanquished Creatures
  2 jackals (D:1)
2 creatures vanquished.

Notes
Turn   | Place    | Note
-------+----------+-------------------------------------------
     0 | D:1      | tio the Human Wanderer began the quest for the Orb.
     0 | D:1      | tio set off with the following items: a +2 sling, a +0
                  | cloak, a potion of curing, a +0 leather armour; and the
                  | following spell memorised: Kiss of Death; and the following
                  | spells available to memorise: Vampiric Draining.
     0 | D:1      | Reached XP level 1. HP: 13/13 MP: 2/2
    34 | D:1      | Slain by an endoplasm

Illustrated notes

Levels and vault maps discovered:
D:1:      minmay_arrival_up_and_down, layout_basic, minmay_hexomino_f4

Action                   || total
-------------------------++-------
 Fire: Sling             ||     4
 Cast: Kiss of Death     ||     1
Armor: Leather armour    ||     2
Dodge: Dodged            ||     3

Table legend: (Time is in decaauts)
 A = Elapsed time spent in this place.
 B = Non-inter-level travel time spent in this place.
 C = Inter-level travel time spent in this place.
 D = Time resting spent in this place.
 E = Time spent auto-exploring this place.
 F = Levels seen in this place.
 G = Mean time per level.
                   A        B        C        D        E       F      G
               +--------+--------+--------+--------+--------+-----+--------+
         Total |     34 |     34 |      0 |      0 |     23 |   1 |   34.0 |
       Dungeon |     34 |     34 |      0 |      0 |     23 |   1 |   34.0 |
               +--------+--------+--------+--------+--------+-----+--------+

Top non-repeatable levels by time:
     D:1: 34 daAuts
